 Dungeon Crawl Stone Soup version 0.30.1-3-gfc49f6343a (webtiles) character file.

Game seed: 12284308387623103294

4028 Wiggles the Cleaver (level 10, -3/87 (90) HPs)
             Began as a Minotaur Berserker on July 28, 2023.
             Was a High Priest of Trog.
             Slain by Maggie
             ... wielding a +0 halberd of draining
              (10 damage)
             ... on level 6 of the Dungeon.
             The game lasted 00:10:15 (5857 turns).

Wiggles the Cleaver (Minotaur Berserker)            Turns: 5857, Time: 00:10:16

HP:   -3/87 (90)    AC: 19    Str: 27    XL:     10   Next: 4%
MP:   9/9           EV: 13    Int:  4    God:    Trog [*****.]
Gold: 440           SH:  0    Dex:  9    Spells: 9/9 levels left

rFire   . . .        B - +0 war axe
rCold   . . .        (no shield)
rNeg    . . .        l - +0 plate armour
rPois   .            (helmet restricted)
rElec   .            A - +0 cloak
rCorr   .            (no gloves)
SInv    .            (no boots)
Will    .....        (no amulet) Stlth
                     k - +4 ring of protection
HPRegen 0.34/turn    F - +5 ring of evasion
MPRegen 0.11/turn

%: no passive effects
@: on berserk cooldown, mesmerised, slowed, lightly drained, very slow
A: horns 2, retaliatory headbutt
a: Renounce Religion, Berserk, Trog's Hand, Brothers in Arms


You were on level 6 of the Dungeon.
You worshipped Trog.
Trog was extremely pleased with you.
You visited 1 branch of the dungeon, and saw 9 of its levels.
You also visited: Sewer.

You collected 440 gold pieces.

Inventory:

Hand Weapons
 B - a +0 war axe (weapon)
Armour
 l - a +0 plate armour (worn)
 A - a +0 cloak (worn)
Jewellery
 k - a +4 ring of protection (left hand)
 F - a +5 ring of evasion (right hand)
Wands
 v - a wand of charming (8)
 w - a wand of polymorph (11)
 D - a wand of acid (7)
 G - a wand of flame (18)
Scrolls
 b - 2 scrolls of fear {unknown}
 c - 2 scrolls of poison {unknown}
 e - a scroll of magic mapping {unknown}
 f - 2 scrolls of immolation {unknown}
 g - 7 scrolls of identify {unknown}
 i - 3 scrolls of butterflies {unknown}
 m - a scroll of enchant weapon {unknown}
 p - 2 scrolls of blinking {unknown}
 t - a scroll of brand weapon {unknown}
 x - 2 scrolls of teleportation {unknown}
 y - a scroll of fog {unknown}
 C - a scroll of acquirement {unknown}
 E - a scroll of noise {unknown}
Potions
 a - 4 potions of mutation {unknown}
 d - 2 potions of degeneration {unknown}
 h - 2 potions of brilliance {unknown}
 j - a potion of ambrosia {unknown}
 n - 3 potions of flight {unknown}
 o - 5 potions of curing {unknown}
 q - a potion of berserk rage {unknown}
 r - 2 potions of heal wounds {unknown}
 s - a potion of attraction {unknown}
 u - a potion of haste {unknown}
 z - a potion of invisibility {unknown}


   Skills:
 + Level 8.8 Fighting
 + Level 12.4 Axes
 + Level 9.3 Armour
 + Level 3.4 Dodging
 + Level 1.0 Stealth


You had 9 spell levels left.
You didn't know any spells.
Your spell library was empty.

Dungeon Overview and Level Annotations

Branches:
Dungeon (9/15)             Temple (0/1) D:5            Lair (0/5) D:9
  Sewer (visited)
    Orc: D:9-12

Altars:
Kikubaaqudgha

Annotations:
D:6 Grinder, Maggie


Innate Abilities, Weirdness & Mutations

You have a pair of horns on your head.
You reflexively headbutt those who attack you in melee.


Message History

Maggie hits you but does no damage.
You feel drained.
The gnoll hits you from afar with a +0 spear.
The gnoll hits you with a +0 spear.
You can move again.
You slash the gnoll!
You kill the gnoll!
Trog accepts your kill.
You barely miss Grinder. Maggie gestures at you while chanting.
The bolt of fire hits you!!
* * * LOW HITPOINT WARNING * * *
Grinder zaps a wand.
The puff of flame misses you. The gnoll barely misses you.
Grinder gestures at you. Pain shoots through your body!
* * * LOW HITPOINT WARNING * * *
The gnoll hits you but does no damage.
Things that are here:
a +0 spear; a gnoll corpse You fail to use your ability.
Maggie practices a pose.
Maggie gestures wildly while chanting.
Maggie attempts to bespell you! You resist with some effort.
The gnoll hits you but does no damage.
Maggie casts a spell.
Maggie attempts to bespell you!
You are mesmerised by Maggie!
Grinder barely misses you. The gnoll hits you but does no damage.
You cannot move away from Maggie!
Maggie hits you from afar with a +0 halberd of draining!
* * * LOW HITPOINT WARNING * * *
You feel drained.
* * * LOW HITPOINT WARNING * * *
Grinder zaps a wand.
The puff of flame hits you.
* * * LOW HITPOINT WARNING * * *
The gnoll hits you with a +0 spear.
* * * LOW HITPOINT WARNING * * *
You see here a +0 flail.
Your two-headed ogre goes berserk!
Maggie hits you from afar with a +0 halberd of draining!
You die...

....... ##. .....(.##
##.. ........## ##.).
.........# #...#
....)....## ##..##
..........# ##..##
#......@..## ##..##
#../...5..# ##..##
##...O@).## ##..##
##...g..# ##..##
##....## ##..## ##..##
##..## ###...####...#
#.......#...##########
#)......#....#......<...
.....######.#...........
...## #.............


You could see Maggie (mesmerising), Grinder, a gnoll (ally target) and a
friendly two-headed ogre (summoned, berserk).

Vanquished Creatures
  An elephant (D:9)
  A kobold demonologist (D:9)
  A yak (D:9)
  A basilisk (D:9)
  A water moccasin (D:6)
  An orc warrior (D:9)
  2 ice beasts (D:6)
  2 black bears
  4 ogres
  A centaur (D:5)
  4 kobold brigands (D:9)
  A bullfrog (D:9)
  Blork the orc (D:6)
  A scorpion (D:5)
  12 killer bees (D:9)
  5 howler monkeys
  7 hounds
  Crazy Yiuf (D:4)
  2 jellies (D:6)
  2 orc priests
  A sleepcap (D:6)
  Ijyb (D:3)
  2 iguanas
  4 orc wizards
  11 gnolls
  12 adders
  2 shadow imps (D:9)
  2 ufetubi
  A worm (D:3)
  2 dart slugs
  20 orcs
  4 endoplasms
  9 giant cockroaches
  8 goblins
  10 hobgoblins
  7 jackals
  33 kobolds
  5 quokkas
  14 ball pythons
  2 bats
  2 frilled lizards
  8 kobold skeletons (D:9)
  10 kobold zombies (D:9)
  9 rats
230 creatures vanquished.

Notes
Turn   | Place    | Note
-------+----------+-------------------------------------------
     0 | D:1      | Wiggles the Minotaur Berserker began the quest for the Orb.
     0 | D:1      | Reached XP level 1. HP: 19/19 MP: 0/0
   146 | D:1      | Reached XP level 2. HP: 27/27 MP: 1/1
   152 | D:1      | Reached skill level 4 in Axes
   266 | D:1      | Found a faded altar of an unknown god.
   713 | D:2      | Reached ** piety under Trog
   720 | D:2      | Reached XP level 3. HP: 34/34 MP: 2/2
   842 | D:2      | Noticed an ogre
   849 | D:2      | Killed an ogre
   850 | D:2      | Reached skill level 5 in Axes
   850 | D:2      | Reached XP level 4. HP: 23/41 MP: 3/3
   987 | D:2      | Reached skill level 5 in Fighting
   987 | D:2      | Reached XP level 5. HP: 46/48 MP: 4/4
  1461 | D:3      | Found a glowing drain.
  1478 | Sewer    | Entered a sewer
  1722 | Sewer    | Reached skill level 6 in Axes
  1863 | D:3      | Reached *** piety under Trog
  1988 | D:3      | Noticed Ijyb
  1998 | D:3      | Killed Ijyb
  1999 | D:3      | Reached XP level 6. HP: 56/56 MP: 5/5
  2598 | D:4      | Found a runed translucent door.
  2599 | D:4      | Noticed Crazy Yiuf
  2666 | D:4      | Killed Crazy Yiuf
  2667 | D:4      | Reached XP level 7. HP: 63/63 MP: 2/6
  2941 | D:5      | Entered Level 5 of the Dungeon
  3113 | D:5      | Reached skill level 7 in Axes
  3113 | D:5      | Reached skill level 5 in Armour
  3375 | D:5      | Found a staircase to the Ecumenical Temple.
  3612 | D:5      | Identified the +9 spear of the Ancients {antimagic, Drain
                  | Int+3 Dex+2}
  3818 | D:5      | Reached XP level 8. HP: 71/71 MP: 7/7
  3921 | D:6      | Reached skill level 8 in Axes
  4102 | D:6      | You fall into a shaft and drop 3 floors!
  4127 | D:9      | Reached **** piety under Trog
  4145 | D:9      | Reached skill level 9 in Axes
  4145 | D:9      | Reached skill level 1 in Stealth
  4170 | D:9      | Noticed an elephant
  4215 | D:9      | HP: 3/73 [elephant (3)]
  4217 | D:9      | Killed an elephant
  4218 | D:9      | Reached skill level 10 in Axes
  4454 | D:9      | Found a staircase to the Lair.
  4476 | D:9      | Reached XP level 9. HP: 73/79 MP: 8/8
  4554 | D:9      | Noticed a kobold demonologist
  4566 | D:9      | Killed a kobold demonologist
  4567 | D:9      | Reached skill level 11 in Axes
  4571 | D:9      | Reached ***** piety under Trog
  4966 | D:9      | Reached skill level 12 in Axes
  4976 | D:9      | Found an ancient bone altar of Kikubaaqudgha.
  5299 | D:6      | Noticed Blork the orc
  5308 | D:6      | Killed Blork the orc
  5763 | D:6      | Reached XP level 10. HP: 90/90 MP: 9/9
  5843 | D:6      | Noticed Maggie
  5845 | D:6      | Noticed Grinder
  5848 | D:6      | Paralysed by Grinder for 5 turns
  5857 | D:6      | Slain by Maggie

Illustrated notes

Levels and vault maps discovered:
D:1:      shiori_arrival_maze, layout_basic, nicolae_ecumenical_snake_handling
D:2:      layout_rooms, small_statue_intersection
D:3:      layout_basic, portal_sewer_entry_f, dreamdust_wishing_well,
          hex_intersection, nicolae_elevator_lobby_asterisk, uniq_ijyb
D:4:      layout_rooms, uniq_crazy_yiuf_cottage
D:5:      layout_layer_cave, minmay_temple_entry_statues_fountains
D:6:      layout_cave_pods, minmay_misc_feat_roman, uniq_blork_the_orc,
          uniq_maggie, uniq_grinder
D:7:      layout_basic, mainiacjoe_overflow_brackets, fedhas_altar_2
D:8:      layout_layer_cave, nicolae_ru_awakened_eye, st_stairs_14
D:9:      wander_kiku_kobolds, layout_loops_cross, david_lair_generic,
          lightli_bailey_entry_fortress, uniq_maurice

Skill      XL: |  1  2  3  4  5  6  7  8  9 |
---------------+----------------------------+-----
Axes           | 4 5 6 7 10 12 | 12.4
Fighting       | 4 5 6 7 8 |  8.8
Armour         | 3 4 6 7 9 |  9.3
Dodging        | 3 |  3.4
Stealth        | 1 |  1.0

Action                     |  1- 3 |  4- 6 |  7- 9 | 10-12 || total
---------------------------+-------+-------+-------+-------++-------
  Melee: Hand axe          |    63 |   169 |    11 |       ||   243
         Headbutt          |     4 |    25 |    49 |     2 ||    80
         Punch             |     3 |     2 |     3 |       ||     8
         War axe           |       |       |   253 |     9 ||   262
 Invoke: Berserk           |     1 |     4 |     4 |     1 ||    10
         Brothers in Arms  |       |       |       |     1 ||     1
 Armour: Animal skin       |     7 |       |       |       ||     7
         Chain mail        |    20 |     6 |       |       ||    26
         Plate armour      |       |   109 |   253 |    23 ||   385
  Dodge: Dodged            |    26 |    69 |   176 |    11 ||   282
